 Dungeon Crawl Stone Soup version 0.28-a0-537-g3bccd9ccbf (webtiles) character file.

Game seed: 5503073741899690701

151 sanka the Distorting Palentonga (level 5, -6/43 HPs)
             Began as a Palentonga Abyssal Knight on Sept 27, 2021.
             Was a Believer of Lugonu.
             Killed by nerve-wracking pain
             ... invoked by an orc priest
              (7 damage)
             ... on level 4 of the Dungeon.
             The game lasted 00:07:51 (3961 turns).

sanka the Distorting Palentonga (PaAK)              Turns: 3961, Time: 00:07:52

Health: -6/43      AC:  9    Str: 18    XL:     5   Next: 11%
Magic:  8/8        EV:  9    Int: 16    God:    Lugonu [**....]
Gold:   223        SH:  0    Dex: 10    Spells: 4/8 levels left

rFire   . . .      SeeInvis +   a - +1 hand axe
rCold   . . .      Faith    .   (no shield)
rNeg    . . .      Spirit   .   b - +0 leather armour
rPois   .          Reflect  .   n - +2 helmet
rElec   .          Harm     .   (no cloak)
rCorr   .          Rampage  .   o - +1 pair of gloves
Will    .....                   (no barding)
Stlth   +.........              h - amulet of magic regeneration
HPRegen 0.14/turn               (no ring)
MPRegen 0.36/turn               j - +6 ring of intelligence

@: lethally poisoned (-6 -> -45)
A: large, rugged brown scales 3, see invisible, deformed body, roll 1, armoured
tail
a: Rolling Charge, Renounce Religion, Depart the Abyss, Bend Space


You were on level 4 of the Dungeon.
You worshipped Lugonu.
Lugonu was pleased with you.
You visited 1 branch of the dungeon, and saw 4 of its levels.
You visited the Abyss 1 time.

You collected 223 gold pieces.


Innate Abilities, Weirdness & Mutations

You are completely covered in rugged brown scales. (AC +3, +7% HP)
You have supernaturally acute eyesight. (SInv)
Armour fits poorly on your strangely shaped body.
You can roll at nearby foes to attack.
You have a long armoured tail.


   Skills:
 - Level 3.0 Fighting
 - Level 2.0 Axes
 - Level 1.5 Armour
 - Level 0.7 Dodging
 - Level 2.0 Spellcasting
 + Level 2.3 Ice Magic
 - Level 3.8 Invocations


You had 4 spell levels left.
You knew the following spells:

 Your Spells              Type           Power      Damage    Failure   Level
y - Frozen Ramparts       Ice            16%        1d3       28%         3
z - Freeze                Ice            32%        1d5       10%         1

Your spell library contained the following spells:

 Spells                   Type           Power      Damage    Failure   Level
 Passwall                 Tmut/Erth      0%         N/A       36%         2
 Swiftness                Air            1%         N/A       58%         3
 Hailstorm                Conj/Ice       5%         3d4       83%         4
 Freezing Cloud           Conj/Ice/Air   2%         6-21      99%         5
 Invisibility             Hex            0%         N/A       100%        6
 Simulacrum               Ice/Necr       2%         N/A       100%        6

Inventory:

Hand Weapons
 a - a +1 hand axe (weapon)
Armour
 b - a +0 leather armour (worn)
 n - a +2 helmet (worn)
 o - a +1 pair of gloves (worn)
Jewellery
 h - an amulet of magic regeneration (around neck)
 j - a +6 ring of intelligence (right hand)
Scrolls
 c - a scroll of magic mapping
Potions
 d - a potion of haste {unknown}
 g - a potion of attraction {unknown}
 i - 2 potions of mutation {!q}
 k - a potion of curing {unknown}
 m - a potion of brilliance {unknown}

Dungeon Overview and Level Annotations

Branches:
Dungeon (4/15)
 Temple: D:4-7

Altars:

Shops:
D:1 (

Annotations:
D:3 1 runed translucent door, Crazy Yiuf, Sigmund

▒▒ ▒▒
▒▒.▒▒.▒▒▒▒▒
▒.........▒▒
..£▒...yy.(...▒
.......Hy......
........▒▒....▒
...oo...▒ ...
......... . ▒.
......▒▒. ..
..▒▒▒▒ .▒ .. .
.. .. .. .▒


You could see 3 killer bees, an orc priest and an orc.


Message History

It is a scroll of enchant armour.
Your +0 pair of gloves glows green for a moment.
You feel very sick. The killer bee stings you.
* * * LOW HITPOINT WARNING * * *
You are lethally poisoned!
The killer bee poisons you! The killer bee stings you.
* * * LOW HITPOINT WARNING * * *
You are more poisoned.
The killer bee poisons you! The killer bee barely misses you.
The killer bee stings you but does no damage.
Unknown command.
As you read the scroll labelled YVAANT PAVEO, it crumbles to dust.
It is a scroll of identify.
i - 2 potions of mutation
* * * LOW HITPOINT WARNING * * *
You feel extremely sick.
The killer bee stings you but does no damage.
The killer bee stings you.
* * * LOW HITPOINT WARNING * * *
The killer bee barely misses you. The killer bee stings you.
* * * LOW HITPOINT WARNING * * *
You are more poisoned.
The killer bee poisons you!
The orc priest invokes the aid of Beogh against you.
Pain shoots through your body!
You die...

Action                   |  1- 3 |  4- 6 || total
-------------------------+-------+-------++-------
Melee: Hand axe          |   111 |    46 ||   157
       Tailslap          |    10 |     4 ||    14
 Cast: Freeze            |    15 |     5 ||    20
 Abil: Rolling Charge    |     2 |       ||     2
  Use: Scroll            |       |     4 ||     4
Armor: Leather armour    |    67 |    28 ||    95
Dodge: Dodged            |    86 |    18 ||   104

Levels and vault maps discovered:
D:1:      kennysheep_arrival_seaside, layout_rooms, serial_shops,
          nicolae_shop_temple_entry_statues_fountains,
          ebering_ecumenical_altar_petrified
D:2:      minmay_alternating_diamond, layout_basic
D:3:      layout_loops_ring, serial_aquarium, aquarium_bridge_long_joined
          [aquarium_subvault_bridge, aquarium_subvault_bridge,
          aquarium_subvault_balcony, aquarium_subvault_wall,
          aquarium_subvault_bridge, aquarium_subvault_wall],
          aquarium_window_corner, aquarium_window_2, aquarium_window_2,
          aquarium_window_1, aquarium_view_2b, serial_bayou_pond_a,
          amethyst_killhole, uniq_crazy_yiuf_cottage, uniq_sigmund
D:4:      layout_cave_pools, mainiacjoe_overflow_24_doors,
          mainiacjoe_overflow_chevrons, minmay_temple_entry_trees

Notes
Turn   | Place    | Note
-------+----------+-------------------------------------------
     0 | Abyss:1  | sanka the Palentonga Abyssal Knight began the quest for the
                  | Orb.
     0 | Abyss:1  | Reached XP level 1. HP: 19/19 MP: 2/2
    79 | D:1      | Escaped the Abyss
   117 | D:1      | Got the Catalogue of Cold
   171 | D:1      | Reached XP level 2. HP: 9/25 MP: 4/4
   172 | D:1      | Reached skill level 3 in Invocations
   600 | D:1      | Found a faded altar of an unknown god.
   721 | D:1      | Found Feiteus's Antique Weapon Shoppe.
   727 | D:1      | Reached ** piety under Lugonu
  1132 | D:2      | Reached XP level 3. HP: 30/31 MP: 5/5
  1155 | D:2      | Learned a level 1 spell: Freeze
  1626 | D:4      | Noticed a killer bee
  1891 | D:2      | Reached skill level 1 in Spellcasting
  1946 | D:2      | Learned a level 3 spell: Frozen Ramparts
  1994 | D:2      | Reached skill level 1 in Ice Magic
  2205 | D:2      | Reached XP level 4. HP: 29/37 MP: 6/6
  2875 | D:3      | Found a runed translucent door.
  2876 | D:3      | Noticed Crazy Yiuf
  2956 | D:3      | Noticed Sigmund
  3842 | D:4      | Reached skill level 2 in Spellcasting
  3842 | D:4      | Reached skill level 2 in Ice Magic
  3842 | D:4      | Reached XP level 5. HP: 34/43 MP: 6/8
  3961 | D:4      | HP: 4/43 [killer bee (1)]
  3961 | D:4      | HP: 1/43 [killer bee (3)]
  3961 | D:4      | Killed from afar by an orc priest

Vanquished Creatures
  A water moccasin skeleton (D:4)
  A hound skeleton (D:4)
  An adder (D:2)
  3 worms (D:2)
  4 orcs
  4 ball pythons
  5 bats
  7 endoplasms
  4 giant cockroaches
  7 hobgoblins
  4 jackals (D:1)
  4 quokkas
  4 frilled lizards
  5 goblins
  8 kobolds
  4 rats
66 creatures vanquished.

Vanquished Creatures (others)
  A plant (D:4)
1 creature vanquished.

Grand Total: 67 creatures vanquished
